 Dungeon Crawl Stone Soup version 0.28-a0-794-gafe8c5f9e9 (webtiles) character file.

Game seed: 7117955734235779830

173 mathmaestro the Ruffian (level 5, -6/53 HPs)
             Began as a Troll Monk on Nov 5, 2021.
             Killed from afar by Ijyb (10 damage)
             ... with a bolt of acid
             ... on level 3 of the Dungeon.
             The game lasted 00:02:08 (1991 turns).

mathmaestro the Ruffian (Troll Monk)                Turns: 1991, Time: 00:02:09

Health: -6/53      AC:  4    Str: 19 (20) XL:     5   Next: 28%
Magic:  4/4        EV: 10    Int:  3 (6)  God:
Gold:   84         SH:  0    Dex: 10 (12) Spells: 4/4 levels left

rFire   + . .      SeeInvis .     - Unarmed
rCold   + . .      Faith    .   (no shield)
rNeg    . . .      Spirit   .   a - +0 robe
rPois   +          Reflect  .   (helmet restricted)
rElec   +          Harm     .   (no cloak)
rCorr   +          Rampage  .   (gloves unavailable)
Will    .....                   (boots unavailable)
Stlth   +.........              (no amulet)
HPRegen 1.17/turn               (no ring)
MPRegen 0.09/turn               (no ring)

@: about to teleport, resistant, weak-willed, hasted, very quick
A: large, unfitting armour, claws 3, regeneration 1, shaggy fur 1, tough skin 1
a: no special abilities


You were on level 3 of the Dungeon.
You visited 1 branch of the dungeon, and saw 3 of its levels.

You collected 84 gold pieces.

Inventory:

Hand Weapons
 k - a +0 long sword
Missiles
 b - 52 bolts
 e - 49 stones (quivered)
Armour
 a - a +0 robe (worn)
Scrolls
 i - a scroll of noise {unknown}
 j - a scroll of enchant armour {unknown}
 l - 2 scrolls of identify {unknown}
 n - a scroll of blinking {unknown}
 o - a scroll of silence {unknown}


   Skills:
 + Level 3.4 Fighting
 + Level 3.5 Dodging
 - Level 1.0 Stealth
 + Level 4.2 Unarmed Combat


You had 4 spell levels left.
You didn't know any spells.
Your spell library contained the following spells:

 Spells                   Type           Power      Damage    Failure   Level
 Conjure Flame            Conj/Fire      0%         6-21      88%         3
 Ignite Poison            Fire/Tmut/Pois 0%         N/A       88%         3
 Sticky Flame             Conj/Fire      0%         2d3       99%         4


Dungeon Overview and Level Annotations

Branches:
Dungeon (3/15)

Altars:

Annotations:
D:3 Ijyb


Innate Abilities, Weirdness & Mutations

You are too large for most types of armour.
You have claws for hands.
Your natural rate of healing is unusually fast.
You are covered in fur. (AC +1)
You have tough skin. (AC +1)


Message History

You are too injured to fight recklessly!
You are too injured to fight recklessly!
You are too injured to fight recklessly!
You are too injured to fight recklessly!
You are too injured to fight recklessly!
You are too injured to fight recklessly!
You are too injured to fight recklessly!
You are too injured to fight recklessly!
You are too injured to fight recklessly!
You are too injured to fight recklessly!
You closely miss Ijyb.
Ijyb is moderately wounded.
Ijyb zaps a wand.
The bolt of acid hits you!
* * * LOW HITPOINT WARNING * * *
You closely miss Ijyb.
Ijyb is moderately wounded.
Ijyb closely misses you.
It was a potion of degeneration.
There was something very wrong with that liquid.
You feel weakened.
You feel dopey.
You feel clumsy. Ijyb hits you with a +4 club!
* * * LOW HITPOINT WARNING * * *
It was a potion of resistance.
You feel protected.
Ijyb zaps a wand.
The bolt of acid hits you! You resist.
* * * LOW HITPOINT WARNING * * *
It was a potion of haste.
You feel yourself speed up.
Ijyb screams, "No!
No, no, no, no!"
Ijyb barely misses you.
As you read the scroll labelled MARHAONYNI, it crumbles to dust.
You feel strangely unstable.
It was a scroll of teleportation.
As you read the scroll labelled XARI GUSTRIUNOKH, it crumbles to dust.
Magic quickly surges around you.
It was a scroll of vulnerability.
Ijyb hits you but does no damage.
As you read the scroll labelled DEISOKH MEMEV, it crumbles to dust.
Your body is wracked with pain!
* * * LOW HITPOINT WARNING * * *
Ijyb convulses!
It was a scroll of torment.
Ijyb zaps a wand.
The bolt of acid hits you! You resist.
You die...

#..# #.##
######.######♣
#............♣
#.####.#####.♣
#.# #.#
#.#####.#
#.@g....#
#.#####.# #.#
#(# #.# #.#
... ##


You could see Ijyb (weak-willed).

Vanquished Creatures
  A necrophage (D:3)
  3 gnolls (D:3)
  2 worms (D:2)
  4 dart slugs
  A ball python (D:2)
  7 endoplasms
  2 giant cockroaches
  4 hobgoblins
  2 jackals (D:2)
  2 quokkas (D:2)
  5 bats
  2 frilled lizards
  4 goblins
  4 kobolds
  3 rats
46 creatures vanquished.

Notes
Turn   | Place    | Note
-------+----------+-------------------------------------------
     0 | D:1      | mathmaestro the Troll Monk began the quest for the Orb.
     0 | D:1      | Reached XP level 1. HP: 22/22 MP: 0/0
   259 | D:1      | Reached XP level 2. HP: 29/29 MP: 1/1
   837 | D:2      | Found a faded altar of an unknown god.
   857 | D:2      | Reached XP level 3. HP: 36/36 MP: 2/2
  1682 | D:3      | Reached XP level 4. HP: 14/45 MP: 3/3
  1840 | D:3      | Noticed a necrophage
  1848 | D:3      | Killed a necrophage
  1849 | D:3      | Reached skill level 4 in Unarmed Combat
  1849 | D:3      | Reached XP level 5. HP: 48/53 MP: 4/4
  1980 | D:3      | Noticed Ijyb
  1991 | D:3      | Killed from afar by Ijyb

Illustrated notes

Levels and vault maps discovered:
D:1:      minmay_arrival_up_and_down, layout_loops_corners
D:2:      layout_basic, ebering_ecumenical_altar_box
D:3:      minmay_recursive_quarters, layout_loops_ring, serial_bayou_ford_a,
          uniq_ijyb

Skill      XL: |  1  2  3  4 |
---------------+-------------+-----
Dodging        | 3 |  3.5
Fighting       | 3 |  3.4
Unarmed Combat | 4 |  4.2
Stealth        | |  1.0

Action                   |  1- 3 |  4- 6 || total
-------------------------+-------+-------++-------
Melee: Unarmed           |    89 |    23 ||   112
       Punch             |     1 |     3 ||     4
  Use: Scroll            |       |     3 ||     3
       Potion            |       |     3 ||     3
 Stab: Sleeping          |     4 |     1 ||     5
Armor: Robe              |    29 |     3 ||    32
Dodge: Dodged            |    31 |     7 ||    38

Table legend: (Time is in decaauts)
 A = Elapsed time spent in this place.
 B = Non-inter-level travel time spent in this place.
 C = Inter-level travel time spent in this place.
 D = Time resting spent in this place.
 E = Time spent auto-exploring this place.
 F = Levels seen in this place.
 G = Mean time per level.
                   A        B        C        D        E       F      G
               +--------+--------+--------+--------+--------+-----+--------+
         Total |   1983 |   1898 |     85 |     16 |   1589 |   3 |  661.0 |
       Dungeon |   1983 |   1898 |     85 |     16 |   1589 |   3 |  661.0 |
               +--------+--------+--------+--------+--------+-----+--------+

Top non-repeatable levels by time:
     D:2: 878 daAuts
     D:1: 790 daAuts
     D:3: 314 daAuts
